 Dungeon Crawl Stone Soup version 0.31-a0-574-g69dc8cc98e (webtiles) character file.

Game seed: 16873532151051315596

11 subawu the Vexing (level 2, 0/23 HPs)
             Began as a Gnoll Hexslinger on Aug 18, 2023.
             Slain by a jackal (1 damage)
             ... on level 1 of the Dungeon.
             The game lasted 00:01:54 (218 turns).

subawu the Vexing (Gnoll Hexslinger)                 Turns: 218, Time: 00:01:54

Health: 0/23       AC:  2    Str:  7    XL:     2   Next: 25%
Magic:  4/5        EV: 13    Int: 12    God:
Gold:   16         SH:  0    Dex: 14    Spells: 5/6 levels left

rFire   . . .        a - +1 sling
rCold   . . .        (no shield)
rNeg    . . .        c - +0 robe
rPois   .            (no helmet)
rElec   .            (no cloak)
rCorr   .            (no gloves)
SInv    .            (no boots)
Will    .....        (no amulet)
Stlth   +            (no ring)
HPRegen 0.23/turn    (no ring)
MPRegen 0.09/turn

%: no passive effects
@: no status effects
A: fangs 1, strong nose, distributed training
a: no special abilities


You were on level 1 of the Dungeon.
You visited 1 branch of the dungeon, and saw 1 of its levels.

You collected 16 gold pieces.

Inventory:

Hand Weapons
 a - a +1 sling (weapon)
 d - a +0 short sword
Missiles
 e - 15 stones
Armour
 c - a +0 robe (worn)
Scrolls
 b - a scroll of poison
Potions
 f - a potion of might {unknown}


   Skills:
 + Level 2.4 Fighting
 + Level 0.3 Short Blades
 + Level 0.3 Long Blades
 + Level 0.3 Axes
 + Level 0.3 Maces & Flails
 + Level 0.3 Polearms
 + Level 0.3 Staves
 + Level 4.4 Ranged Weapons
 + Level 0.3 Throwing
 + Level 0.3 Armour
 + Level 4.4 Dodging
 + Level 0.3 Stealth
 + Level 0.3 Shields
 + Level 0.3 Unarmed Combat
 + Level 2.7 Spellcasting
 + Level 0.2 Conjurations
 + Level 5.3 Hexes
 + Level 0.2 Summonings
 + Level 0.2 Necromancy
 + Level 0.2 Translocations
 + Level 0.2 Transmutations
 + Level 0.2 Fire Magic
 + Level 0.2 Ice Magic
 + Level 0.2 Air Magic
 + Level 0.2 Earth Magic
 + Level 0.2 Poison Magic
 + Level 0.4 Invocations
 + Level 0.3 Evocations
 + Level 0.2 Shapeshifting


You had 5 spell levels left.
You knew the following spells:

 Your Spells              Type           Power      Damage    Failure   Level
a - Slow                  Hex            56%        N/A       2%          1

Your spell library contained the following spells:

 Spells                   Type           Power      Damage    Failure   Level
 Inner Flame              Hex/Fire       8%         N/A       24%         3
 Portal Projectile        Hex/Tloc       16%        N/A       24%         3
 Cause Fear               Hex            7%         N/A       28%         4


Dungeon Overview and Level Annotations

Branches:
Dungeon (1/15)

Altars:


Innate Abilities, Weirdness & Mutations

You have very sharp teeth.
Your uncanny sense of smell can sniff out nearby items.
Your experience applies equally to all skills.


Message History

You shoot a sling bullet.
The sling bullet closely misses the jackal.
The jackal bites you. The endoplasm barely misses you.
The jackal barely misses you.
You shoot a sling bullet.
The sling bullet barely misses the jackal.
The jackal closely misses you. The endoplasm hits you.
You shoot a sling bullet.
The sling bullet hits the jackal but does no damage.
The jackal misses you. The endoplasm freezes you.
You are frozen.
The jackal bites you.
You shoot a sling bullet.
The sling bullet barely misses the jackal.
The jackal bites you.
* * * LOW HITPOINT WARNING * * *
The endoplasm freezes you.
You are frozen.
* * * LOW HITPOINT WARNING * * *
The jackal closely misses you. The endoplasm freezes you.
You are frozen.
* * * LOW HITPOINT WARNING * * *
The endoplasm hits you.
* * * LOW HITPOINT WARNING * * *
Found 14 gold pieces.
The jackal misses you.
You shoot a sling bullet.
The sling bullet closely misses the jackal.
The sling bullet closely misses the hobgoblin.
The endoplasm freezes you.
You are frozen.
* * * LOW HITPOINT WARNING * * *
The jackal bites you but does no damage.
You shoot a sling bullet.
The sling bullet barely misses the jackal.
The sling bullet completely misses the hobgoblin.
The endoplasm is no longer moving quickly.
The jackal bites you.
You die...

#### ##... #$.#
############.#
#####†.......g.h@#
......#####....J.#
###########..####..#
#......# .##
######...##.## .#
#......# #.. ##.#
..#....# ### ....#
.##.#..# ..# ..# .#
.##.#..##..##..


You could see an endoplasm, a jackal and a hobgoblin.

Vanquished Creatures
  2 bats (D:1)
  A hobgoblin (D:1)
  3 jackals (D:1)
  2 ball pythons (D:1)
  A frilled lizard (D:1)
  A kobold (D:1)
  A rat (D:1)
11 creatures vanquished.

Notes
Turn   | Place    | Note
-------+----------+-------------------------------------------
     0 | D:1      | subawu the Gnoll Hexslinger began the quest for the Orb.
     0 | D:1      | Reached XP level 1. HP: 17/17 MP: 4/4
   173 | D:1      | Reached XP level 2. HP: 21/23 MP: 5/5
   207 | D:1      | HP: 1/23 [frozen (1)]
   212 | D:1      | HP: 1/23 [endoplasm (2)]
   217 | D:1      | HP: 1/23 [frozen (1)]
   218 | D:1      | Slain by a jackal

Illustrated notes

Levels and vault maps discovered:
D:1:      lightli_iron_boxes, layout_rooms, ebering_ecumenical_altar_abandoned

Action                     || total
---------------------------++-------
   Fire: Sling             ||    34
   Cast: Slow              ||     8
 Armour: Robe              ||    22
  Dodge: Dodged            ||    62

Table legend: (Time is in decaauts)
 A = Elapsed time spent in this place.
 B = Non-inter-level travel time spent in this place.
 C = Inter-level travel time spent in this place.
 D = Time resting spent in this place.
 E = Time spent auto-exploring this place.
 F = Levels seen in this place.
 G = Mean time per level.
                   A        B        C        D        E       F      G
               +--------+--------+--------+--------+--------+-----+--------+
         Total |    224 |    221 |      3 |      7 |      0 |   1 |  224.0 |
       Dungeon |    224 |    221 |      3 |      7 |      0 |   1 |  224.0 |
               +--------+--------+--------+--------+--------+-----+--------+

Top non-repeatable levels by time:
     D:1: 224 daAuts
